 Dungeon Crawl Stone Soup version 0.29.1-1-gd02db6906a (webtiles) character file.

Game seed: 10371841504128770804

137 safid the Shooter (level 5, -2/45 HPs)
             Began as a Minotaur Hunter on Oct 17, 2022.
             Slain by a shadow imp (3 damage)
             ... summoned by Eustachio
             ... on level 4 of the Dungeon.
             The game lasted 00:03:52 (2794 turns).

safid the Shooter (Minotaur Hunter)                 Turns: 2794, Time: 00:03:53

Health: -2/45      AC:  3    Str: 15    XL:     5   Next: 0%
Magic:  4/4        EV: 12    Int:  6    God:
Gold:   131        SH:  0    Dex: 16    Spells: 4/4 levels left

rFire   . . .      SeeInvis .   a - +0 shortbow
rCold   . . .      Faith    .   (shield currently unavailable)
rNeg    . . .      Spirit   .   c - +0 leather armour
rPois   .          Reflect  .   (helmet restricted)
rElec   .          Harm     .   (no cloak)
rCorr   .          Rampage  .   (no gloves)
Will    .....                   (no boots)
Stlth   +.........              (no amulet)
HPRegen 0.15/turn               s - ring of flight
MPRegen 0.09/turn               (no ring)

@: flying
A: horns 2, retaliatory headbutt
a: no special abilities


You were on level 4 of the Dungeon.
You visited 1 branch of the dungeon, and saw 4 of its levels.

You collected 131 gold pieces.

Inventory:

Hand Weapons
 a - a +0 shortbow (weapon)
Armour
 c - a +0 leather armour (worn)
Jewellery
 s - a ring of flight (left hand)
Wands
 p - a wand of iceblast (10)
Scrolls
 b - a scroll of immolation
 e - a scroll of enchant weapon {unknown}
 g - 8 scrolls of identify {unknown}
 h - 2 scrolls of teleportation {unknown}
 k - a scroll of magic mapping {unknown}
 l - a scroll of poison {unknown}
 m - 3 scrolls of fog {unknown}
 n - a scroll of blinking {unknown}
 q - a scroll of silence {unknown}
 u - a scroll of summoning {unknown}
Potions
 d - 3 potions of mutation {unknown}
 f - 2 potions of cancellation {unknown}
 i - a potion of attraction {unknown}
 j - a potion of brilliance {unknown}
 o - a potion of heal wounds {unknown}
 r - a potion of magic {unknown}
 t - a potion of curing {unknown}


   Skills:
 - Level 3.0 Fighting
 + Level 6.8 Ranged Weapons
 - Level 2.1 Dodging
 - Level 0.7 Stealth


You had 4 spell levels left.
You didn't know any spells.
Your spell library contained the following spells:

 Spells                   Type           Power      Damage    Failure   Level
 Apportation              Tloc           0%         N/A       52%         1
 Gell's Gravitas          Tloc           0%         N/A       88%         3
 Teleport Other           Tloc           0%         N/A       88%         3
 Alistair's Intoxication  Tmut/Pois      0%         N/A       100%        5
 Dispersal                Tloc           0%         N/A       100%        6


Dungeon Overview and Level Annotations

Branches:
Dungeon (4/15)
 Temple: D:4-7

Altars:

Annotations:
D:2 1 runed translucent door, Crazy Yiuf
D:4 Eustachio


Innate Abilities, Weirdness & Mutations

You have a pair of horns on your head.
You reflexively headbutt those who attack you in melee.


Message History

Aim: Eustachio, wielding a +2 vorpal falchion and wearing a +2 leather armour of fire resistance (almost dead, 54% to hit)
You shoot an arrow. The arrow closely misses Eustachio.
The arrow hits the quasit but does no damage.
Eustachio hits you with a +2 vorpal falchion!
The quasit completely misses you. The quasit claws you.
The quasit claws you but does no damage.
Eustachio gestures wildly while chanting.
Fire: a) +0 shortbow
Press: ? - help, Q - select action, (/) - cycle Shift-Dir - straight line, f/p - Eustachio
Aim: Eustachio, wielding a +2 vorpal falchion and wearing a +2 leather armour of fire resistance (severely wounded, 54% to hit)
You shoot an arrow. The arrow barely misses Eustachio.
The arrow hits the shadow imp.
The shadow imp is moderately wounded.
The quasit disappears in a puff of smoke!
The ufetubus disappears in a puff of smoke!
Eustachio barely misses you.
The white imp hits you but does no damage.
The white imp shouts!
Unknown command.
Fire: a) +0 shortbow
Press: ? - help, Q - select action, (/) - cycle Shift-Dir - straight line, f/p - Eustachio
Aim: Eustachio, wielding a +2 vorpal falchion and wearing a +2 leather armour of fire resistance (severely wounded, 54% to hit)
You shoot an arrow. The arrow barely misses Eustachio.
The shadow imp barely misses you. The white imp closely misses you. x2
Eustachio hits you with a +2 vorpal falchion!
* * * LOW HITPOINT WARNING * * *
x2 Unknown command.
Fire: a) +0 shortbow
Press: ? - help, Q - select action, (/) - cycle Shift-Dir - straight line, f/p - Eustachio
Aim: Eustachio, wielding a +2 vorpal falchion and wearing a +2 leather armour of fire resistance (severely wounded, 54% to hit)
You shoot an arrow. The arrow hits Eustachio.
Eustachio is almost dead.
The shadow imp barely misses you. You furiously retaliate!
You headbutt the shadow imp.
The white imp hits you but does no damage.
The white imp gestures at you. The puff of frost hits you!
* * * LOW HITPOINT WARNING * * *
Eustachio closely misses you. The shadow imp hits you.
You die...

............... ##
#........##... ... .#
##.......##... ..##.#
##.......#..# .....
##....)...##.# ...###.
#..........#.####.......
.....#..................
...###.......#...5......
.....##......##5@@...#.
.##.#####..######5......
..#..# #.## ...>...
.....# ### ..<..##
#...## ...### ##### ..##
#.# ##


You could see Eustachio, 2 white imps and a shadow imp (summoned).

Vanquished Creatures
  6 adders
  A worm (D:2)
  A dart slug (D:2)
  3 orcs (D:3)
  9 endoplasms
  6 giant cockroaches
  10 hobgoblins
  6 jackals
  4 kobolds
  A quokka (D:1)
  2 ball pythons
  7 bats
  A frilled lizard (D:2)
  6 goblins
  6 rats
69 creatures vanquished.

Notes
Turn   | Place    | Note
-------+----------+-------------------------------------------
     0 | D:1      | safid the Minotaur Hunter began the quest for the Orb.
     0 | D:1      | Reached XP level 1. HP: 18/18 MP: 0/0
    85 | D:1      | Reached XP level 2. HP: 24/25 MP: 1/1
   281 | D:1      | Reached skill level 5 in Ranged Weapons
   318 | D:1      | Found a faded altar of an unknown god.
   356 | D:1      | Reached XP level 3. HP: 18/31 MP: 2/2
   963 | D:2      | Reached XP level 4. HP: 38/38 MP: 3/3
   975 | D:2      | Reached skill level 6 in Ranged Weapons
  1707 | D:2      | Found a runed translucent door.
  1708 | D:2      | Noticed Crazy Yiuf
  2769 | D:4      | Noticed Eustachio
  2771 | D:4      | Reached XP level 5. HP: 45/45 MP: 4/4
  2794 | D:4      | HP: 1/45 [white imp/puff of frost[Eustachio] (9)]
  2794 | D:4      | Slain by a shadow imp

Illustrated notes

Levels and vault maps discovered:
D:1:      lemuel_arrival_rhombus, layout_basic,
          dreamdust_ecumenical_altar_grove, minmay_misc_feat_roman
D:2:      layout_basic, uniq_crazy_yiuf_cottage
D:3:      layout_basic
D:4:      layout_cave_pools, uniq_eustachio

Skill      XL: |  1  2  3  4 |
---------------+-------------+-----
Fighting       | 3 |  3.0
Ranged Weapons | 5 6 |  6.8
Dodging        | |  2.1
Stealth        | |  0.7

Action                   |  1- 3 |  4- 6 || total
-------------------------+-------+-------++-------
 Fire: Shortbow          |    87 |   106 ||   193
Armor: Leather armour    |    16 |    10 ||    26
Dodge: Dodged            |    18 |    36 ||    54
